AoeStats
← RogueAura950405

African Clearing

506166963Analyzed
4v4 RM · 19d ago on Sep 12, 2026· 47m 41s· 8 players
Game mode
Random Map
Map size
Large (8 player)
Population
200
Speed
Normal
Resources
Standard
Victory
Conquest
Starting age
Dark Age
Ending age
Imperial Age
RankedLock teamsTeams togetherTeam positionsShared explorationLock speedFull tech treeHidden civsTurbo modeCheats
Victory
Defeat
🇨🇳 Franks · China
955
+44
🇮🇳 Burgundians · India
952
+16
🇮🇳 Bulgarians · India
934
+16
🇮🇳 Hindustanis · India
931
+16
🇧🇷 Britons · Brazil
978
-17
🇬🇧 Persians · United Kingdom
950
-16
🇧🇷 Poles · Brazil
939
-16
🇮🇪 Portuguese · Ireland
903
-14
King Feet
3:56 Loom
15:40 Feudal Age
20:17 Castle Age
19:16 Bloodlines
20:47 Forging
20:42 Scale Barding Armor
21:02 Husbandry
22:39 Double-Bit Axe
23:32 Horse Collar
28:52 Wheelbarrow
32:43 Hand Cart
40:05 Imperial Age
38:28 Grand Trunk Road
38:21 Gold Mining
38:21 Stone Mining
39:45 Town Watch
40:24 Scale Mail Armor
41:00 Iron Casting
41:18 Conscription
42:42 Squires
42:28 Arson
43:45 Heavy Camel Rider
fake2
14:07 Feudal Age
14:09 Loom
15:08 Double-Bit Axe
23:23 Forging
23:15 Scale Mail Armor
23:23 Scale Barding Armor
26:41 Gold Mining
31:30 Castle Age
33:03 Light Cavalry
33:47 Husbandry
35:57 Stone Mining
40:27 Imperial Age
39:47 Iron Casting
39:32 Chain Barding Armor
41:19 Gold Shaft Mining
41:07 Cavalier
42:36 Wheelbarrow
45:34 Chivalry
46:11 Paladin
Ninja-Rio
7:02 Loom
16:02 Feudal Age
20:35 Castle Age
20:28 Forging
20:25 Scale Barding Armor
22:19 Cavalier
23:01 Husbandry
36:27 Chain Barding Armor
37:15 Pikeman
37:55 Squires
39:55 Squires
39:40 Arson
40:07 Town Watch
46:35 Imperial Age
44:43 Wheelbarrow
43:57 Double-Bit Axe
47:04 Paladin
ExxTACSY
7:42 Loom
14:38 Feudal Age
15:51 Double-Bit Axe
16:11 Arson
18:08 Forging
17:59 Scale Mail Armor
27:54 Castle Age
25:49 Horse Collar
28:42 Squires
29:30 Gambesons
42:22 Chain Mail Armor
44:30 Iron Casting
46:07 Wheelbarrow
RogueAura950405
11:49 Loom
15:05 Feudal Age
17:46 Horse Collar
21:03 Castle Age
19:50 Double-Bit Axe
22:23 Fletching
luisja94
6:10 Loom
16:38 Feudal Age
22:46 Castle Age
21:02 Horse Collar
22:00 Fletching
24:36 Bodkin Arrow
25:51 Crossbowman
27:52 Padded Archer Armor
30:43 Leather Archer Armor
33:55 Thumb Ring
38:25 Town Watch
39:15 Wheelbarrow
42:31 Imperial Age
39:51 Double-Bit Axe
41:25 Fortified Wall
44:19 Hand Cart
44:05 Town Patrol
44:24 Bow Saw
43:55 Arbalester
44:37 Murder Holes
44:43 Pikeman
45:17 Halberdier
46:17 Scale Mail Armor
46:28 Forging
48:02 Bracer
48:18 Chain Mail Armor
48:38 Iron Casting
Vitor
16:30 Feudal Age
18:05 Horse Collar
18:24 Fletching
19:35 Padded Archer Armor
27:50 Castle Age
29:55 Crossbowman
31:14 Bodkin Arrow
31:35 Leather Archer Armor
emersomcivil
15:35 Feudal Age
21:41 Castle Age
20:18 Double-Bit Axe
21:52 Gold Mining
24:10 Bow Saw
29:40 Loom
30:06 Husbandry
30:17 Bloodlines
32:58 Horse Collar
37:50 Scale Barding Armor
38:49 Szlachta Privileges
38:27 Pikeman
40:37 Wheelbarrow
41:30 Stone Mining
42:05 Chain Barding Armor
Connection lost

Rejoining the realm…

Still unreachable

The connection could not be restored.

Session expired

The server has moved on; the page needs a fresh start.